Map: New Gettysburg LE

Players

Nickos

  • Race: Terran Terran
  • League: Gold

Neoniquist - Winner!

  • Race: Protoss Protoss
  • League: Gold

VOD

Have the link to the VOD?

Description

Time

  • Played on: Sept. 2, 2016, 8:06 a.m.
  • Length: 5:57
Show
View Real Time Build Order
Export as new Build Order

Nickos Terran 

Build Orders:  

Get SALT Encoding   

  12  0:01  SCV  
  13  0:13  SCV  
  14  0:19  Supply Depot  
  14  0:25  SCV  
  15  0:40  SCV  
  15  0:42  Barracks  
  16  0:52  SCV  
  17  1:05  SCV  
  18  1:17  SCV  
  19  1:23  Command Center  
  19  1:31  Orbital Command  
  19  1:35  Marine  
  20  1:49  Supply Depot  
  20  1:54  Barracks  
  20  1:55  Marine  
  20  1:59  SCV  
  22  2:12  SCV  
  22  2:13  Marine  
  24  2:19  Barracks  
  24  2:20  Refinery  
  24  2:23  Refinery  
  24  2:25  SCV  
  25  2:31  Marine  
  26  2:38  SCV  
  28  2:45  Orbital Command  
  28  2:48  Marine  
  28  2:57  SCV  
  28  2:58  Marine  
  30  3:08  Barracks Tech Lab  
  30  3:09  SCV  
  30  3:10  Bunker  
  30  3:11  SCV  
  33  3:17  Barracks Reactor  
  33  3:19  Barracks Reactor  
  32  3:21  SCV  
  32  3:23  SCV  
  34  3:30  Barracks  
  34  3:33  Barracks  
  34  3:34  SCV  
  34  3:35  SCV  
  34  3:36  Stimpack  
  34  3:38  Marine  
  37  3:46  SCV  
  37  3:48  SCV  
  39  3:52  Factory  
  39  3:56  Marine  
  39  3:57  Marine x2  
  39  3:58  SCV  
  39  4:00  SCV  
  44  4:04  Supply Depot  
  44  4:07  Marine  
  44  4:08  Marine  
  46  4:14  Supply Depot  
  46  4:22  Bunker  
  46  4:25  SCV x2, Marine x2  
  50  4:33  Marine  
  50  4:34  Marine x2  
  50  4:35  Marine  
  50  4:36  Marine  
  50  4:37  Factory Reactor  
  50  4:38  SCV  
  56  4:43  Starport, Marine  
  57  4:49  Supply Depot  
  57  4:52  Supply Depot  
  46  5:23  Marine x4  
  46  5:24  Barracks Reactor x2  
  46  5:25  SCV  
  46  5:26  SCV  
  39  5:38  SCV x2  
Show
View Real Time Build Order
Export as new Build Order

Neoniquist Protoss - Winner!

Build Orders:  

Get SALT Encoding   

  12  0:02  Probe (Chrono Boost)  
  13  0:13  Probe (Chrono Boost)  
  14  0:23  Probe (Chrono Boost)  
  15  0:29  Pylon  
  15  0:32  Assimilator  
  15  0:47  Probe (Chrono Boost)  
  15  0:48  Gateway  
  16  0:53  Assimilator  
  16  0:54  Assimilator  
  16  0:57  Probe (Chrono Boost)  
  17  1:08  Probe (Chrono Boost)  
  18  1:14  Pylon  
  18  1:19  Probe (Chrono Boost)  
  19  1:29  Probe (Chrono Boost)  
  20  1:35  Cybernetics Core  
  20  1:40  Probe (Chrono Boost)  
  20  1:42  Zealot  
  23  1:51  Pylon  
  23  1:55  Probe (Chrono Boost)  
  24  2:05  Warp Gate  
  24  2:06  Probe (Chrono Boost)  
  25  2:18  Robotics Facility  
  25  2:25  Stalker  
  27  2:36  Gateway  
  27  2:48  Gateway  
  27  3:01  Immortal  
  27  3:10  Pylon  
  31  3:19  Pylon  
  31  3:24  Pylon  
  31  3:36  Immortal  
  35  4:08  Adept x3  
  41  4:24  Pylon  
  41  4:29  Immortal  
  45  4:43  Adept x3  
  47  5:08  Adept  
  47  5:09  Adept x2  
  47  5:30  Adept x3  
  53  5:53  Adept x3  
Tags
 
Add a new tag
Caveats
  • Supply blocks, unpowered buildings, or Contaminate may cause inaccurate times.
  • Supply counts are checked every 10 seconds.